TKirby, chaotic male elven Wizard ---------- |........| |.........# ------ |.<......|# |`... |........|# |.... ----------# |...- # |...| # |..`| # |...| | # |...----- .| ### ----- |.%...*.....| # |....######@a.........`| ##....| ------------- |...| ----- TKirby the Thaumaturge Experience level: 7 Strength: 10 Dexterity: 13 Constitution: 13 Intelligence: 19 Wisdom: 17 Charisma: 9 Health: 0(49) Energy: 0(81) Def: 5 Gold: 1535 Moves: 5196 Dungeon seed: U7EhQ7iLiW9Yf2S1 Game ID: TKirby_1507142335 Your Inventory: Coins $ - 1535 gold pieces Weapons a - a blessed +1 quarterstaff (alternate weapon; not wielded) u - 6 +0 darts (in quiver) E - a blessed +0 orcish dagger (weapon in hand) Armor e - an uncursed +0 cloak of magic resistance (being worn) r - an uncursed +0 leather armor (being worn) Y - an uncursed +0 pair of leather gloves Scrolls j - a blessed scroll of enchant weapon p - an uncursed scroll of enchant armor A - an uncursed scroll of genocide B - an uncursed scroll of gold detection P - an uncursed scroll of scare monster Q - an uncursed scroll of earth Spellbooks k - a blessed spellbook of force bolt l - an uncursed spellbook of blank paper Potions g - 2 uncursed potions of water h - an uncursed potion of restore ability v - an uncursed potion of object detection L - a blessed potion of enlightenment O - an uncursed potion of polymorph Rings c - an uncursed +2 ring of protection (on left hand) d - an uncursed +2 ring of increase damage (on right hand) s - an uncursed ring of searching D - a cursed ring of aggravate monster Wands b - a wand of magic missile (0:1) x - a wand of striking (0:6) Tools m - a magic marker (0:68) n - an uncursed wooden harp J - an uncursed magic whistle M - 5 blessed tallow candles (0:200) Gems q - an uncursed worthless piece of blue glass y - an uncursed worthless piece of green glass z - 2 uncursed worthless pieces of red glass N - an uncursed worthless piece of orange glass Spells and supernatural/magical abilities: Name Level Category Fail Memory a - force bolt 1 attack 0% 75% f - fireball 4 attack 0% 84% B - cure blindness 2 healing 37% 75% W - pray for help -- divine ? -- Your skills at the end: Fighting Skills Weapon Skills dagger [Basic] quarterstaff [Basic] Spellcasting Skills attack spells [Skilled] enchantment spells [Basic] Final Attributes: You were piously aligned. You were sleep resistant. You were magic-protected. You were confused. You were telepathic. You had infravision. You had a +2 damage bonus. You were protected. You were lucky. You are dead. Vanquished creatures: a large cat 2 tengu a chickatrice a housecat a water nymph an Uruk-hai an orc shaman a rock mole 2 ponies a yellow light 2 shriekers a kobold mummy an elf zombie 5 giant ants a floating eye a kitten a kobold lord a rothe a rabid rat 2 monkeys a wererat 3 iguanas 4 coyotes 3 manes a large kobold 4 giant rats 2 cave spiders 3 yellow molds a red mold 4 gnomes 3 garter snakes a gnome zombie 3 geckos 7 jackals a fox a kobold a goblin 2 grid bugs 4 bats 8 lichens 2 kobold zombies 6 newts 93 creatures vanquished. Voluntary challenges: You had been an atheist until turn 3508. You used a wielded weapon 104 times, starting on turn 64. You read items or engraved 14 times, starting on turn 1221. You never genocided any monsters. You never polymorphed an object. You never changed form. You used no wishes. You never split a pudding. You never wrote Elbereth's name. You never violated your personal moral code. Dungeon overview: The Dungeons of Doom: levels 1 to 9 Level 1 an altar to Anhur a long staircase Level 2 a general store Level 3 a fountain Level 4 a long staircase Level 5 a fountain Level 6 an altar to Ptah, a sink Level 7 a fountain Level 8 Level 9 <- You were here History has recorded: On T:1 you entered the Dungeons of Doom to retrieve the Amulet of Yendor! On T:354 you reached level 2 of The Dungeons of Doom. On T:542 you advanced to experience level 2. On T:1028 you reached level 3 of The Dungeons of Doom. On T:1048 you advanced to experience level 3. On T:1497 you advanced to experience level 4. On T:1586 you reached level 4 of The Dungeons of Doom. On T:1822 you reached level 6 of The Dungeons of Doom. On T:2121 you reached level 5 of The Dungeons of Doom. On T:2770 you advanced to experience level 5. On T:3684 you reached level 7 of The Dungeons of Doom. On T:3939 you advanced to experience level 6. On T:4140 you reached level 8 of The Dungeons of Doom. On T:5013 you advanced to experience level 7. On T:5134 you reached level 9 of The Dungeons of Doom. Score breakdown: Gold: 1535 (10839 points) Experience: 7 levels (13645 points) Exploration: 9 levels ( 19.15%) (12510 points) Discoveries: 6 items ( 2.17%) ( 4415 points) Valuables value: (no points given unless you survive) Artifact value: 0 ( 0 points) Variety of kills: 42 monsters ( 11.02%) ( 9960 points) Turncount: 5196 turns (-1411 points) Survival: died (score multiplied by 80%) Total score: 39966 Latest messages: Please move the cursor to an unknown object. A soldier ant on the floor of a room. Done. The spell misses the soldier ant. The soldier ant bites! The soldier ant stings! The spell misses the soldier ant. The soldier ant bites! The soldier ant stings! The soldier ant bites! The soldier ant stings! There are a few objects here. There is an open door here. You see here an orc shaman corpse. The soldier ant bites! The soldier ant stings! Huh, What? Where am I? The soldier ant bites! You die... Final status: Goodbye TKirby the Wizard, killed by a soldier ant... You died in The Dungeons of Doom on dungeon level 9 with 39966 points, and 1535 pieces of gold, after 5196 moves. You were level 7 with a maximum of 49 hit points when you died.